 Dungeon Crawl Stone Soup version 0.32-a0-43-g058985b245 (webtiles) character file.

Game seed: 5826759179776762777

56 CraigForest the Conjurer (level 3, -1/21 HPs)
             Began as a Tengu Reaver on Feb 3, 2024.
             Was a Follower of Fedhas.
             Slain by an orc wizard
             ... wielding a +0 dagger
              (2 damage)
             ... on level 2 of the Dungeon.
             The game lasted 00:05:12 (1089 turns).

CraigForest the Conjurer (Tengu Reaver)             Turns: 1089, Time: 00:05:12

Health: -1/21      AC:  3    Str: 12    XL:     3   Next: 97%
Magic:  7/7        EV: 12    Int: 13    God:    Fedhas [*.....]
Gold:   85         SH:  0    Dex: 14    Spells: 5/6 levels left

rFire   . . .        d - +1 falchion (protect)
rCold   . . .        (no shield)
rNeg    . . .        b - +0 leather armour
rPois   .            (helmet restricted)
rElec   .            (no cloak)
rCorr   .            (no gloves)
SInv    .            (boots unavailable)
Will    .....        (no amulet)
Stlth   +            (no ring)
HPRegen 0.23/turn    (no ring)
MPRegen 0.10/turn

%: acrobat
@: no status effects
A: beak, talons 3, acrobatic
a: Renounce Religion


You were on level 2 of the Dungeon.
You worshipped Fedhas.
Fedhas was aware of your devotion.
You visited 1 branch of the dungeon, and saw 2 of its levels.

You collected 85 gold pieces.

Inventory:

Hand Weapons
 a - a +0 falchion
 c - a +0 sling
 d - a +1 falchion of protection (weapon)
Armour
 b - a +0 leather armour (worn)
Talismans
 f - a blade talisman
Scrolls
 h - a scroll of blinking
Potions
 i - a potion of might {unknown}


   Skills:
 + Level 2.1 Fighting
 + Level 4.0 Long Blades
 + Level 1.2 Armour
 + Level 2.6 Dodging
 + Level 0.1 Stealth
 + Level 2.2 Spellcasting
 + Level 4.4 Conjurations


You had 5 spell levels left.
You knew the following spells:

 Your Spells              Type           Power      Damage    Failure   Level
a - Kiss of Death         Conj/Necr      28%        2d7       13%         1

Your spell library contained the following spells:

 Spells                   Type           Power      Damage    Failure   Level
 Momentum Strike          Conj/Tloc      14%        3d8       19%         2
 Hailstorm                Conj/Ice       7%         3d5       36%         3
 Tukima's Dance           Hex            1%         N/A       67%         3
 Iskenderun's Mystic Bla  Conj/Tloc      7%         2d4       77%         4
 Dimensional Bullseye     Hex/Tloc       0%         N/A       97%         4


Dungeon Overview and Level Annotations

Branches:
Dungeon (2/15)

Altars:
Fedhas


Innate Abilities, Weirdness & Mutations

You have a beak for a mouth.
You have claws for feet.
You can magically evade attacks while moving or waiting.


Message History

You hit the orc. You claw the orc. Your peck misses the orc.
The orc is severely wounded.
You feel sick.
You are no longer poisoned.
The orc hits you with a +0 flail.
The orc wizard casts a spell.
The orc wizard flickers and vanishes!
Deactivating autopickup; reactivate with Ctrl-A.
An orc comes into view. It is wielding a +0 dagger.
You hit the orc.
You kill the orc!
Fedhas appreciates your contribution to the ecosystem.
You barely miss something. Your kick misses something.
Something hits you but does no damage.
You hit something. Your kick misses something. Something hits you.
You hit something but do no damage. You claw something.
You hear some strange, mumbled words.
You are confused.
Something hits you but does no damage.
You miss something. Your kick misses something.
Something hits you but does no damage.
You bump into the rock wall.
Something hits you but does no damage. Something misses you.
You bump into the rock wall.
You hear some strange, mumbled words.
Something tries to affect you, but you resist.
You miss something.
You hear some strange, mumbled words.
A puff of flame appears from out of thin air!
The puff of flame hits you!
* * * LOW HITPOINT WARNING * * *
You bump into the rock wall.
Something barely misses you.
You barely miss something. Your kick misses something.
Your peck misses something.
You feel less confused. Something hits you.
* * * LOW HITPOINT WARNING * * *
You barely miss something. Something hits you.
You die...
Fedhas appreciates your contribution to the ecosystem.

#..#.#..#
#.....#.#.
#†........
#...)......
#o....#...#
#Jo.......#
#b#####.#.# ##.##
#{# #.#.# #<...
#@# #)#.# #..# #.#
#.#.####..##
#.#####.........).
#.........#.###.#.
###########.##....
#.....#† #####...
#... #.##


You could see 2 orcs, an endoplasm and a bat.

Vanquished Creatures
  A gnoll (D:1)
  An adder (D:2)
  2 orcs (D:2)
  2 endoplasms (D:1)
  4 giant cockroaches (D:1)
  A goblin (D:2)
  5 hobgoblins
  3 quokkas
  3 ball pythons
  2 bats
  6 frilled lizards
  A kobold (D:1)
  4 rats
35 creatures vanquished.

Notes
Turn   | Place    | Note
-------+----------+-------------------------------------------
     0 | D:1      | CraigForest the Tengu Reaver began the quest for the Orb.
     0 | D:1      | Reached XP level 1. HP: 12/12 MP: 4/4
    56 | D:1      | Reached XP level 2. HP: 5/17 MP: 4/6
   286 | D:1      | Found a faded altar of an unknown god.
   290 | D:1      | Prayed at the altar of an unknown god.
   290 | D:1      | Became a worshipper of Fedhas Madash
   290 | D:1      | Reached * piety under Fedhas
   448 | D:1      | Reached XP level 3. HP: 21/21 MP: 7/7
  1077 | D:2      | Reached skill level 1 in Armour
  1088 | D:2      | HP: 1/21 [something (2)]
  1089 | D:2      | Slain by an orc wizard

Illustrated notes

Levels and vault maps discovered:
D:1:      eino_arrival_druids_welcome, layout_loops_corners,
          shapermc_ecumenical_altar_mp_urbaneastern, minmay_worlds_worst_comb
D:2:      layout_loops_ring, minmay_fractal_squares_5

Skill      XL: |  1  2  3 |
---------------+----------+-----
Long Blades    | 4 |  4.0
Armour         | 1 |  1.2
Fighting       | |  2.1
Dodging        | |  2.6
Stealth        | |  0.1
Spellcasting   | |  2.2
Conjurations   | |  4.4

Action                     || total
---------------------------++-------
  Melee: Falchion          ||    87
         Kick              ||    19
         Peck              ||     7
   Cast: Kiss of Death     ||     1
    Use: Scroll            ||     3
         Potion            ||     1
   Stab: Sleeping          ||     1
 Armour: Leather armour    ||    42
  Dodge: Dodged            ||    60

Table legend: (Time is in decaauts)
 A = Elapsed time spent in this place.
 B = Non-inter-level travel time spent in this place.
 C = Inter-level travel time spent in this place.
 D = Time resting spent in this place.
 E = Time spent auto-exploring this place.
 F = Levels seen in this place.
 G = Mean time per level.
                   A        B        C        D        E       F      G
               +--------+--------+--------+--------+--------+-----+--------+
         Total |   1098 |    941 |    157 |      0 |    721 |   2 |  549.0 |
       Dungeon |   1098 |    941 |    157 |      0 |    721 |   2 |  549.0 |
               +--------+--------+--------+--------+--------+-----+--------+

Top non-repeatable levels by time:
     D:1: 990 daAuts
     D:2: 108 daAuts
